| TOP OF THE 1ST |
|
University of Arizona Wildcats batting - Pitching for Rice University Owls : RHP Steve Seaman
|
|
Pitching: RHP Steve Seaman
|
|
|
Batting: LHB Pascal Noël
|
0-0: Ball 1-0: Ground out U3 (Groundball, 13, EV 88.8 MPH)
|
|
Batting: LHB Edelberto Barbas
|
0-0: Fly out, F9 (Flyball, 9S, EV 84.4 MPH)
|
|
Batting: LHB Gary Corrales
|
0-0: Ball 1-0: Ball 2-0: Ball 3-0: Foul Ball, location: 2F 3-1: Swinging Strike 3-2: SOLO HOME RUN (Flyball, 78XD, EV 104.4 MPH), Distance : 414 ft
|
|
Batting: RHB C.J. Wells
|
0-0: Ball 1-0: Called Strike 1-1: Ball 2-1: SOLO HOME RUN (Flyball, 9D, EV 97.5 MPH), Distance : 374 ft
|
|
Batting: RHB Mike Llamas
|
0-0: Ball 1-0: Foul Ball, location: 2F 1-1: Fly out, F7 (Flyball, 78D, EV 98.8 MPH)
|
| Top of the 1st over - 2 runs, 2 hits, 0 errors, 0 left on base; University of Arizona 2 - Rice University 0 |
| BOTTOM OF THE 1ST |
|
Rice University Owls batting - Pitching for University of Arizona Wildcats : LHP Jason Luttrell
|
|
Pitching: LHP Jason Luttrell
|
|
|
Batting: SHB Yu-hsui Lew
|
0-0: Ball 1-0: Ball 2-0: Ground out U3 (Groundball, 3L, EV 93.1 MPH)
|
|
Batting: RHB Russ Kennett
|
0-0: SINGLE (Groundball, 56D, EV 104.4 MPH)
|
|
Batting: RHB Fred Saxton
|
0-0: Called Strike 0-1: SINGLE (Line Drive, 4MD, EV 102.5 MPH) Russ Kennett to second
|
|
Batting: LHB Eddie Lemus
|
0-0: Swinging Strike 0-1: Ball 1-1: Ball 2-1: Fly out, F5 (Popup, 56S, EV 80.0 MPH)
|
|
Batting: RHB Alex Ruybalid
|
0-0: Ground out 4-3 (Groundball, 4S, EV 72.5 MPH)
|
| Bottom of the 1st over - 0 runs, 2 hits, 0 errors, 2 left on base; University of Arizona 2 - Rice University 0 |
| TOP OF THE 2ND |
|
University of Arizona Wildcats batting - Pitching for Rice University Owls : RHP Steve Seaman
|
|
Batting: RHB Ron Dondale
|
0-0: Called Strike 0-1: Ball 1-1: Ball 2-1: Ball 3-1: Foul Ball, location: 2F 3-2: Ground out 5-3 (Groundball, 56S, EV 81.2 MPH)
|
|
Batting: RHB Teddy Bonaddio
|
0-0: Ball 1-0: Fly out, F9 (Flyball, 9, EV 85.0 MPH)
|
|
Batting: RHB Larry Harlow
|
0-0: Ball 1-0: Ball 2-0: Swinging Strike 2-1: Called Strike 2-2: Foul Ball, location: 2F 2-2: Strikes out looking
|
| Top of the 2nd over - 0 runs, 0 hits, 0 errors, 0 left on base; University of Arizona 2 - Rice University 0 |
| BOTTOM OF THE 2ND |
|
Rice University Owls batting - Pitching for University of Arizona Wildcats : LHP Jason Luttrell
|
|
Batting: RHB Yu-zeng Mai
|
0-0: Called Strike 0-1: Foul Ball, location: 2F 0-2: Ball 1-2: Foul Ball, location: 2F 1-2: DOUBLE (Flyball, 8LXD, EV 111.2 MPH)
|
|
Batting: RHB Chris DeLuise
|
0-0: Ball 1-0: Ball 2-0: Called Strike 2-1: Foul Ball, location: 2F 2-2: Ball 3-2: Fly out, F8 (Flyball, 8RM, EV 81.2 MPH)
|
|
Batting: SHB Roderick Speed
|
0-0: Foul Ball, location: 2F 0-1: Swinging Strike 0-2: Ball 1-2: Foul Ball, location: 2F 1-2: Foul Ball, location: 2F 1-2: Ball 2-2: Foul Ball, location: 2F 2-2: Foul Ball, location: 2F 2-2: Foul Ball, location: 2F 2-2: Ball 3-2: Strikes out looking
|
|
Batting: LHB Willie Marquez
|
0-0: Called Strike 0-1: Ball 1-1: Fly out, F8 (Line Drive, 8RM, EV 93.1 MPH)
|
| Bottom of the 2nd over - 0 runs, 1 hit, 0 errors, 1 left on base; University of Arizona 2 - Rice University 0 |
| TOP OF THE 3RD |
|
University of Arizona Wildcats batting - Pitching for Rice University Owls : RHP Steve Seaman
|
|
Batting: LHB Andrew Davis
|
0-0: Called Strike 0-1: Foul Ball, location: 2F 0-2: Foul Ball, location: 2F 0-2: Foul Ball, location: 2F 0-2: Ball 1-2: Ball 2-2: Ball 3-2: Foul Ball, location: 2F 3-2: Foul Ball, location: 2F 3-2: DOUBLE (Flyball, 78XD, EV 106.2 MPH)
|
|
Batting: LHB Pascal Noël
|
0-0: Ball 1-0: Foul Ball, location: 2F 1-1: Called Strike 1-2: Ball 2-2: 2-RUN HOME RUN (Line Drive, 7LD, EV 93.1 MPH), Distance : 367 ft
|
|
Batting: LHB Edelberto Barbas
|
0-0: Ground out 4-3 (Groundball, 4M, EV 102.5 MPH)
|
|
Batting: LHB Gary Corrales
|
0-0: Fly out, F9 (Flyball, 9LD, EV 89.4 MPH)
|
|
Batting: RHB C.J. Wells
|
0-0: Ball 1-0: Foul Ball, location: 2F 1-1: Ball 2-1: Ball 3-1: Called Strike 3-2: Foul Ball, location: 2F 3-2: Base on Balls
|
|
Batting: RHB Mike Llamas
|
0-0: Foul Ball, location: 2F 0-1: SINGLE (Groundball, 3D, EV 96.2 MPH) C.J. Wells to second Runner from 2nd tries for 3rd, SAFE, no throw by RF
|
|
Batting: RHB Ron Dondale
|
0-0: Fielders Choice at 2nd, 6-4 (Groundball, 6, EV 97.5 MPH)
|
| Top of the 3rd over - 2 runs, 3 hits, 0 errors, 2 left on base; University of Arizona 4 - Rice University 0 |
| BOTTOM OF THE 3RD |
|
Rice University Owls batting - Pitching for University of Arizona Wildcats : LHP Jason Luttrell
|
|
Batting: SHB Yu-hsui Lew
|
0-0: DOUBLE (Groundball, 5L, EV 95.6 MPH)
|
|
Batting: RHB Russ Kennett
|
0-0: Ball Yu-hsui Lew steals 3rd, throwing error, E2 Yu-hsui Lew scores 1-0: Ball 2-0: Called Strike 2-1: Foul Ball, location: 2F 2-2: Ball 3-2: Foul Ball, location: 2F 3-2: Foul Ball, location: 2F 3-2: Foul Ball, location: 2F 3-2: SINGLE (Line Drive, 7LS, EV 113.1 MPH)
|
|
Batting: RHB Fred Saxton
|
0-0: Ball 1-0: Called Strike 1-1: Ball 2-1: Called Strike 2-2: Ball 3-2: Foul Ball, location: 2F 3-2: Base on Balls Russ Kennett to second
|
|
Batting: LHB Eddie Lemus
|
0-0: Ball Wild Pitch! Russ Kennett to third Fred Saxton to second 1-0: Fly out, F9 (Line Drive, 9, EV 90.6 MPH) Runner from 3rd tags up, SCORES, throw by RF Fred Saxton to third
|
|
Batting: RHB Alex Ruybalid
|
0-0: Ball 1-0: Foul Ball, location: 2F 1-1: Swinging Strike 1-2: Strikes out swinging
|
|
Batting: RHB Yu-zeng Mai
|
0-0: Fly out, F8 (Flyball, 8LD, EV 95.6 MPH)
|
| Bottom of the 3rd over - 2 runs, 2 hits, 1 error, 1 left on base; University of Arizona 4 - Rice University 2 |
| TOP OF THE 4TH |
|
University of Arizona Wildcats batting - Pitching for Rice University Owls : RHP Steve Seaman
|
|
Batting: RHB Teddy Bonaddio
|
0-0: Foul Ball, location: 2F 0-1: Ground out 4-3 (Groundball, 4, EV 95.0 MPH)
|
|
Batting: RHB Larry Harlow
|
0-0: Swinging Strike 0-1: Swinging Strike 0-2: Ball 1-2: Strikes out swinging
|
|
Batting: LHB Andrew Davis
|
0-0: Foul Ball, location: 2F 0-1: Foul Ball, location: 2F 0-2: Foul Ball, location: 2F 0-2: Ground out 1-3 (Groundball, 15S, EV 74.4 MPH)
|
| Top of the 4th over - 0 runs, 0 hits, 0 errors, 0 left on base; University of Arizona 4 - Rice University 2 |
| BOTTOM OF THE 4TH |
|
Rice University Owls batting - Pitching for University of Arizona Wildcats : LHP Jason Luttrell
|
|
Batting: RHB Chris DeLuise
|
0-0: DOUBLE (Line Drive, 89M, EV 96.2 MPH)
|
|
Batting: SHB Roderick Speed
|
0-0: Swinging Strike 0-1: Ball 1-1: SINGLE (Line Drive, 9LM, EV 103.1 MPH) Chris DeLuise to third
|
|
Batting: LHB Willie Marquez
|
0-0: Called Strike 0-1: Ball 1-1: Ball 2-1: Ball 3-1: 3-RUN HOME RUN (Flyball, 78XD, EV 110.6 MPH), Distance : 418 ft
|
|
Batting: SHB Yu-hsui Lew
|
0-0: Ball 1-0: Foul Ball, location: 2F 1-1: Called Strike 1-2: Ball 2-2: Ball 3-2: Strikes out swinging
|
|
Batting: RHB Russ Kennett
|
0-0: Ground out 6-3 (Groundball, 4M, EV 101.9 MPH)
|
|
Batting: RHB Fred Saxton
|
0-0: SOLO HOME RUN (Line Drive, 78XD, EV 116.2 MPH), Distance : 439 ft
|
|
Pitching: RHP Jimmy Serna
|
|
|
Batting: LHB Eddie Lemus
|
0-0: Ground out 6-3 (Groundball, 6MD, EV 96.2 MPH)
|
| Bottom of the 4th over - 4 runs, 4 hits, 0 errors, 0 left on base; University of Arizona 4 - Rice University 6 |
| TOP OF THE 5TH |
|
University of Arizona Wildcats batting - Pitching for Rice University Owls : RHP Steve Seaman
|
|
Batting: LHB Pascal Noël
|
0-0: Foul Ball, location: 2F 0-1: Ball 1-1: Foul Ball, location: 2F 1-2: Ball 2-2: Ground out 6-3 (Groundball, 6, EV 80.6 MPH)
|
|
Batting: LHB Edelberto Barbas
|
0-0: Called Strike 0-1: Called Strike 0-2: Foul Ball, location: 2F 0-2: Ground out U3 (Groundball, 3, EV 80.0 MPH)
|
|
Batting: LHB Gary Corrales
|
0-0: Fly out, F3 (Popup, 34, EV 80.0 MPH)
|
| Top of the 5th over - 0 runs, 0 hits, 0 errors, 0 left on base; University of Arizona 4 - Rice University 6 |
| BOTTOM OF THE 5TH |
|
Rice University Owls batting - Pitching for University of Arizona Wildcats : RHP Jimmy Serna
|
|
Batting: RHB Alex Ruybalid
|
0-0: Ball 1-0: Called Strike 1-1: Ball 2-1: Foul Ball, location: 2F 2-2: Strikes out swinging
|
|
Batting: RHB Yu-zeng Mai
|
0-0: Fly out, F8 (Flyball, 8LD, EV 86.9 MPH)
|
|
Batting: RHB Chris DeLuise
|
0-0: Ball 1-0: Ground out 6-3 (Groundball, 6, EV 102.5 MPH)
|
| Bottom of the 5th over - 0 runs, 0 hits, 0 errors, 0 left on base; University of Arizona 4 - Rice University 6 |
| TOP OF THE 6TH |
|
University of Arizona Wildcats batting - Pitching for Rice University Owls : RHP Steve Seaman
|
|
Batting: RHB C.J. Wells
|
0-0: Ball 1-0: Ball 2-0: Ground out 5-3 (Groundball, 56, EV 106.2 MPH)
|
|
Batting: RHB Mike Llamas
|
0-0: Ball 1-0: Ball 2-0: Ball 3-0: Called Strike 3-1: Base on Balls
|
|
Batting: RHB Ron Dondale
|
0-0: Foul Ball, location: 2F 0-1: Ball 1-1: Swinging Strike 1-2: Strikes out swinging
|
|
Batting: RHB Teddy Bonaddio
|
0-0: Called Strike 0-1: Called Strike 0-2: Ball 1-2: Ball 2-2: Fly out, F7 (Line Drive, 7S, EV 90.6 MPH)
|
| Top of the 6th over - 0 runs, 0 hits, 0 errors, 1 left on base; University of Arizona 4 - Rice University 6 |
| BOTTOM OF THE 6TH |
|
Rice University Owls batting - Pitching for University of Arizona Wildcats : RHP Jimmy Serna
|
|
Batting: SHB Roderick Speed
|
0-0: Called Strike 0-1: Ball 1-1: DOUBLE (Line Drive, 89D, EV 102.5 MPH)
|
|
Batting: LHB Willie Marquez
|
0-0: Ball 1-0: Ball 2-0: DOUBLE (Line Drive, 78M, EV 109.4 MPH) Roderick Speed scores
|
|
Batting: SHB Yu-hsui Lew
|
0-0: Ball 1-0: Ball 2-0: Ball 3-0: Called Strike 3-1: Base on Balls
|
|
Batting: RHB Russ Kennett
|
0-0: Fielders Choice at 2nd, 5-4 (Groundball, 56, EV 85.6 MPH) Willie Marquez to third
|
|
Batting: RHB Fred Saxton
|
0-0: Called Strike 0-1: Ball 1-1: SINGLE (Groundball, 4M, EV 105.0 MPH) (infield hit) Willie Marquez scores Russ Kennett to second
|
|
Pitching: RHP Jairo Picano
|
|
|
Batting: LHB Eddie Lemus
|
0-0: Foul Ball, location: 2F 0-1: Fielders Choice at 2nd, 4-6 (Groundball, 4, EV 106.9 MPH) Russ Kennett to third
|
|
Batting: RHB Alex Ruybalid
|
0-0: Called Strike 0-1: Ball 1-1: Swinging Strike 1-2: Strikes out swinging
|
| Bottom of the 6th over - 2 runs, 3 hits, 0 errors, 2 left on base; University of Arizona 4 - Rice University 8 |
| TOP OF THE 7TH |
|
University of Arizona Wildcats batting - Pitching for Rice University Owls : RHP Steve Seaman
|
|
Batting: RHB Larry Harlow
|
0-0: Ball 1-0: Ball 2-0: Ball 3-0: Called Strike 3-1: Foul Ball, location: 2F 3-2: Foul Ball, location: 2F 3-2: Fly out, F7 (Flyball, 7, EV 95.0 MPH)
|
|
Batting: LHB Andrew Davis
|
0-0: Called Strike 0-1: Swinging Strike 0-2: Strikes out looking
|
|
Batting: LHB Pascal Noël
|
0-0: Ball 1-0: Swinging Strike 1-1: SINGLE (Groundball, 4D, EV 102.5 MPH)
|
|
Batting: LHB Edelberto Barbas
|
0-0: Called Strike 0-1: Ground out 4-3 (Groundball, 4S, EV 93.8 MPH)
|
| Top of the 7th over - 0 runs, 1 hit, 0 errors, 1 left on base; University of Arizona 4 - Rice University 8 |
| BOTTOM OF THE 7TH |
|
Rice University Owls batting - Pitching for University of Arizona Wildcats : RHP Jairo Picano
|
|
Pitching: LHP Armando Guzman
|
|
|
Batting: RHB Yu-zeng Mai
|
0-0: Called Strike 0-1: Ground out 6-3 (Groundball, 6, EV 105.6 MPH)
|
|
Batting: RHB Chris DeLuise
|
0-0: Ball 1-0: Called Strike 1-1: Ball 2-1: Foul Ball, location: 2F 2-2: Ball 3-2: Foul Ball, location: 2F 3-2: Foul Ball, location: 2F 3-2: Base on Balls
|
|
Batting: SHB Roderick Speed
|
0-0: Called Strike 0-1: Ball 1-1: Called Strike 1-2: Strikes out swinging
|
|
Batting: LHB Willie Marquez
|
0-0: Called Strike 0-1: Ball 1-1: Fly out, F9 (Line Drive, 89M, EV 95.6 MPH)
|
| Bottom of the 7th over - 0 runs, 0 hits, 0 errors, 1 left on base; University of Arizona 4 - Rice University 8 |
| TOP OF THE 8TH |
|
University of Arizona Wildcats batting - Pitching for Rice University Owls : RHP Steve Seaman
|
|
Batting: LHB Gary Corrales
|
0-0: Ball 1-0: Ball 2-0: Ball 3-0: Base on Balls
|
|
Pitching: LHP Joel Brown
|
|
|
Batting: RHB C.J. Wells
|
0-0: Ball 1-0: Called Strike 1-1: Ball Wild Pitch! Gary Corrales to second 2-1: Foul Ball, location: 2F 2-2: Foul Ball, location: 2F 2-2: Ball 3-2: Foul Ball, location: 2F 3-2: Base on Balls
|
|
Batting: RHB Mike Llamas
|
0-0: Ball 1-0: Grounds into double play, 3-6-1 (Groundball, 34, EV 105.6 MPH) Gary Corrales to third
|
|
Batting: RHB Ron Dondale
|
0-0: Called Strike 0-1: Ball 1-1: Ball 2-1: Foul Ball, location: 2F 2-2: Foul Ball, location: 2F 2-2: Ball 3-2: Fly out, F7 (Flyball, 7, EV 93.1 MPH)
|
| Top of the 8th over - 0 runs, 0 hits, 0 errors, 1 left on base; University of Arizona 4 - Rice University 8 |
| BOTTOM OF THE 8TH |
|
Rice University Owls batting - Pitching for University of Arizona Wildcats : LHP Armando Guzman
|
|
Pitching: RHP Chris Galloway
|
|
|
Batting: SHB Yu-hsui Lew
|
0-0: Foul Ball, location: 2F 0-1: Ball 1-1: Fly out, F7 (Flyball, 7, EV 97.5 MPH)
|
|
Batting: RHB Russ Kennett
|
0-0: Ball 1-0: Ball 2-0: Called Strike 2-1: SINGLE (Groundball, 34S, EV 75.0 MPH) (infield hit)
|
|
Batting: RHB Fred Saxton
|
0-0: Called Strike 0-1: Swinging Strike 0-2: Ball 1-2: Ball 2-2: Foul Ball, location: 2F 2-2: Strikes out swinging
|
|
Batting: LHB Eddie Lemus
|
0-0: Ball Russ Kennett is caught stealing 2nd base 2-6
|
| Bottom of the 8th over - 0 runs, 1 hit, 0 errors, 0 left on base; University of Arizona 4 - Rice University 8 |
| TOP OF THE 9TH |
|
University of Arizona Wildcats batting - Pitching for Rice University Owls : LHP Joel Brown
|
|
Batting: SHB George Grace
|
0-0: Called Strike 0-1: Foul Ball, location: 2F 0-2: Foul Ball, location: 2F 0-2: Ball 1-2: Foul Ball, location: 2F 1-2: Ball 2-2: Ball 3-2: Foul Ball, location: 2F 3-2: Fly out, F4 (Popup, 34, EV 61.9 MPH)
|
|
Batting: RHB Larry Harlow
|
0-0: Called Strike 0-1: Foul Ball, location: 2F 0-2: Ball 1-2: Ball 2-2: Ball 3-2: Foul Ball, location: 2F 3-2: Fly out, F8 (Flyball, 8LS, EV 85.6 MPH)
|
|
Batting: LHB Andrew Davis
|
0-0: Called Strike 0-1: Ball 1-1: Foul Ball, location: 2F 1-2: Foul Ball, location: 2F 1-2: Ball 2-2: Ball 3-2: Ground out 6-3 (Groundball, 6, EV 104.4 MPH)
|
| Top of the 9th over - 0 runs, 0 hits, 0 errors, 0 left on base; University of Arizona 4 - Rice University 8 |
|